PL
LOUISVILLE BC @ RICHARDSON CITY THUNDERCATS
09/24/2023
 
TOP OF THE 1ST
Louisville BC batting - Pitching for Richardson City Thundercats : RHP Josef van der Poel
Pitching: RHP Josef van der Poel
Batting: LHB Carroll Martin 0-0: Ball
1-0: Called Strike
1-1: Foul Ball, location: 2F
1-2: Ball
2-2: Ball
3-2: Ground out 4-3 (Groundball, 4)
Batting: RHB José López 0-0: SINGLE (Groundball, 56) (infield hit)
Batting: RHB Andrés Rodríguez 0-0: Called Strike
0-1: Swinging Strike
0-2: SINGLE (Groundball, 56D)
José López to second
Batting: RHB Chi-ju Zhang 0-0: SINGLE (Line Drive, 89S)
José López to third
Andrés Rodríguez to second
Batting: LHB Tim Hargrove 0-0: Foul Ball, location: 2F
0-1: Foul Ball, location: 2F
0-2: Hit by Pitch
José López scores
Andrés Rodríguez to third
Chi-ju Zhang to second
Batting: RHB José Lozano 0-0: Ball
1-0: Foul Ball, location: 2F
1-1: Swinging Strike
1-2: Foul Ball, location: 2F
1-2: Foul Ball, location: 2F
1-2: Strikes out swinging
Batting: LHB Joram Nelen 0-0: Ball
1-0: Called Strike
1-1: Ball
2-1: Called Strike
2-2: Strikes out swinging
Top of the 1st over - 1 run(s), 3 hit(s), 0 error(s), 3 left on base; Louisville 1 - Richardson City 0
BOTTOM OF THE 1ST
Richardson City Thundercats batting - Pitching for Louisville BC : RHP Leroy Picot
Pitching: RHP Leroy Picot
Batting: RHB Joey Jones 0-0: Ball
1-0: Swinging Strike
1-1: Foul Ball, location: 2F
1-2: Ball
2-2: Ball
3-2: Fly out, F8 (Flyball, 8RD)
Batting: SHB Seishiro Nishimura 0-0: Ball
1-0: Ball
2-0: Ground out 1-3 (Groundball, 13S)
Batting: LHB Fernando Ramírez 0-0: Ball
1-0: Ball
2-0: Foul Ball, location: 2F
2-1: Foul Ball, location: 2F
2-2: Foul Ball, location: 2F
2-2: Strikes out looking
Bottom of the 1st over - 0 run(s), 0 hit(s), 0 error(s), 0 left on base; Louisville 1 - Richardson City 0
TOP OF THE 2ND
Louisville BC batting - Pitching for Richardson City Thundercats : RHP Josef van der Poel
Batting: SHB Chris Williamson 0-0: Called Strike
0-1: SINGLE (Line Drive, 89S)
Batting: RHB Cliff May 0-0: Ball
1-0: Fly out, F7 (Flyball, 7S)
Batting: LHB Carroll Martin 0-0: Ball
1-0: Ball
2-0: Ball
3-0: Called Strike
3-1: TRIPLE (Flyball, 8RXD)
Chris Williamson scores
Batting: RHB José López 0-0: DOUBLE (Line Drive, 3D)
Carroll Martin scores
Batting: RHB Andrés Rodríguez 0-0: Called Strike
0-1: Foul Ball, location: 2F
0-2: Fly out, F5 (Line Drive, 5)
Batting: RHB Chi-ju Zhang 0-0: Called Strike
0-1: Ball
1-1: Ground out 3-1 (Groundball, 34)
Top of the 2nd over - 2 run(s), 3 hit(s), 0 error(s), 1 left on base; Louisville 3 - Richardson City 0
BOTTOM OF THE 2ND
Richardson City Thundercats batting - Pitching for Louisville BC : RHP Leroy Picot
Batting: LHB Terrence Eler 0-0: Ball
1-0: Ball
2-0: Ball
3-0: Base on Balls
Batting: SHB Leonard O'Connor 0-0: Ball
1-0: Grounds into double play, 4-6-3 (Groundball, 4)
Batting: RHB Nate Cates 0-0: Called Strike
0-1: Called Strike
0-2: Ball
1-2: Ball
2-2: Fly out, F9 (Flyball, 9M)
Bottom of the 2nd over - 0 run(s), 0 hit(s), 0 error(s), 0 left on base; Louisville 3 - Richardson City 0
TOP OF THE 3RD
Louisville BC batting - Pitching for Richardson City Thundercats : RHP Josef van der Poel
Batting: LHB Tim Hargrove 0-0: Ball
1-0: Ground out U3 (Groundball, 3)
Batting: RHB José Lozano 0-0: Ball
1-0: Ball
2-0: Fly out, F7 (Flyball, 7S)
Batting: LHB Joram Nelen 0-0: SOLO HOME RUN (Line Drive, 9D), Distance : 385 ft
Batting: SHB Chris Williamson 0-0: Ball
1-0: Called Strike
1-1: Ball
2-1: Swinging Strike
2-2: Ball
3-2: Foul Ball, location: 2F
3-2: SINGLE (Groundball, 56D)
Batting: RHB Cliff May 0-0: Called Strike
0-1: Swinging Strike
0-2: Ball
1-2: Ball
2-2: Ground out 6-3 (Groundball, 6)
Top of the 3rd over - 1 run(s), 2 hit(s), 0 error(s), 1 left on base; Louisville 4 - Richardson City 0
BOTTOM OF THE 3RD
Richardson City Thundercats batting - Pitching for Louisville BC : RHP Leroy Picot
Batting: RHB Chriss Mann 0-0: Called Strike
0-1: Called Strike
0-2: Foul Ball, location: 2F
0-2: Ball
1-2: Ball
2-2: Foul Ball, location: 2F
2-2: Ground out 5-3 (Groundball, 56)
Batting: RHB Alden Wiley 0-0: Ball
1-0: Foul Ball, location: 2F
1-1: Bunted foul
1-2: Fly out, F1 (Line Drive, 15S)
Batting: RHB Andrew Weeks 0-0: Called Strike
0-1: Foul Ball, location: 2F
0-2: Strikes out swinging
Bottom of the 3rd over - 0 run(s), 0 hit(s), 0 error(s), 0 left on base; Louisville 4 - Richardson City 0
TOP OF THE 4TH
Louisville BC batting - Pitching for Richardson City Thundercats : RHP Josef van der Poel
Pitching: RHP Gabriel Rodríguez
Batting: LHB Carroll Martin 0-0: Ball
1-0: Ball
2-0: Ball
3-0: Called Strike
3-1: Base on Balls
Batting: RHB José López 0-0: SINGLE (Line Drive, 89M)
Carroll Martin to second
Batting: RHB Andrés Rodríguez 0-0: Ball
1-0: Ball
2-0: Swinging Strike
2-1: Foul Ball, location: 2F
2-2: Foul Ball, location: 2F
2-2: Ball
3-2: Foul Ball, location: 2F
3-2: Base on Balls
Carroll Martin to third
José López to second
Batting: RHB Chi-ju Zhang 0-0: Foul Ball, location: 2F
0-1: Called Strike
0-2: Foul Ball, location: 2F
0-2: Ball
1-2: Ball
2-2: Foul Ball, location: 2F
2-2: Strikes out swinging
Batting: LHB Tim Hargrove 0-0: Called Strike
0-1: Ball
1-1: Ball
2-1: Foul Ball, location: 2F
2-2: Strikes out looking
Batting: RHB José Lozano 0-0: Called Strike
0-1: Ball
1-1: Ball
2-1: Swinging Strike
2-2: Strikes out looking
Top of the 4th over - 0 run(s), 1 hit(s), 0 error(s), 3 left on base; Louisville 4 - Richardson City 0
BOTTOM OF THE 4TH
Richardson City Thundercats batting - Pitching for Louisville BC : RHP Leroy Picot
Batting: RHB Joey Jones 0-0: Ground out 1-3 (Groundball, 15S)
Batting: SHB Seishiro Nishimura 0-0: Ball
1-0: Ball
2-0: Called Strike
2-1: Foul Ball, location: 2F
2-2: SINGLE (Groundball, 6MD)
Batting: LHB Fernando Ramírez 0-0: Fly out, F4 (Popup, 4D)
Batting: LHB Terrence Eler 0-0: Ball
1-0: Swinging Strike
1-1: Called Strike
1-2: Strikes out swinging
Bottom of the 4th over - 0 run(s), 1 hit(s), 0 error(s), 1 left on base; Louisville 4 - Richardson City 0
TOP OF THE 5TH
Louisville BC batting - Pitching for Richardson City Thundercats : RHP Gabriel Rodríguez
Batting: LHB Joram Nelen 0-0: Ball
1-0: Ball
2-0: Ball
3-0: Called Strike
3-1: Base on Balls
Batting: SHB Chris Williamson 0-0: Called Strike
0-1: Ball
1-1: Grounds into double play, 1-6-3 (Groundball, 15)
Batting: RHB Cliff May 0-0: DOUBLE (Flyball, 89M)
Batting: LHB Carroll Martin 0-0: Foul Ball, location: 2F
0-1: Ball
1-1: Called Strike
1-2: Ground out 4-3 (Groundball, 4M)
Top of the 5th over - 0 run(s), 1 hit(s), 0 error(s), 1 left on base; Louisville 4 - Richardson City 0
BOTTOM OF THE 5TH
Richardson City Thundercats batting - Pitching for Louisville BC : RHP Leroy Picot
Batting: SHB Leonard O'Connor 0-0: Ball
1-0: Ball
2-0: Called Strike
2-1: Fly out, F8 (Flyball, 8LXD)
Batting: RHB Nate Cates 0-0: Called Strike
0-1: Swinging Strike
0-2: Ground out 5-3 (Groundball, 5)
Batting: RHB Chriss Mann 0-0: Ball
1-0: Foul Ball, location: 2F
1-1: Ball
2-1: Ball
3-1: Foul Ball, location: 2F
3-2: Foul Ball, location: 2F
3-2: Fly out, F8 (Flyball, 8LXD)
Bottom of the 5th over - 0 run(s), 0 hit(s), 0 error(s), 0 left on base; Louisville 4 - Richardson City 0
TOP OF THE 6TH
Louisville BC batting - Pitching for Richardson City Thundercats : RHP Gabriel Rodríguez
Batting: RHB José López 0-0: Ball
1-0: Fly out, F9 (Line Drive, 89D)
Batting: RHB Andrés Rodríguez 0-0: Called Strike
0-1: Ball
1-1: Swinging Strike
1-2: Ball
2-2: Ball
3-2: Strikes out swinging
Pitching: RHP Juan Cruz
Batting: RHB Chi-ju Zhang 0-0: Ball
1-0: Foul Ball, location: 2F
1-1: Foul Ball, location: 2F
1-2: Ball
2-2: SINGLE (Groundball, 15) (infield hit)
Batting: LHB Tim Hargrove 0-0: Called Strike
0-1: Ground out 4-3 (Groundball, 34)
Top of the 6th over - 0 run(s), 1 hit(s), 0 error(s), 1 left on base; Louisville 4 - Richardson City 0
BOTTOM OF THE 6TH
Richardson City Thundercats batting - Pitching for Louisville BC : RHP Leroy Picot
Batting: RHB Alden Wiley 0-0: Ball
1-0: Ball
2-0: Swinging Strike
2-1: Ball
3-1: Base on Balls
Batting: RHB Andrew Weeks 0-0: Ball
1-0: Foul Ball, location: 2F
1-1: Ball
2-1: Ground out 3-1 (Groundball, 34S)
Alden Wiley to second
Batting: RHB Joey Jones 0-0: Called Strike
0-1: Ground out 3-1 (Groundball, 34)
Alden Wiley to third
Batting: SHB Seishiro Nishimura 0-0: Called Strike
0-1: Ball
Wild Pitch!
Alden Wiley scores
1-1: Ball
2-1: Ground out 5-3 (Groundball, 5)
Bottom of the 6th over - 1 run(s), 0 hit(s), 0 error(s), 0 left on base; Louisville 4 - Richardson City 1
TOP OF THE 7TH
Louisville BC batting - Pitching for Richardson City Thundercats : RHP Juan Cruz
Batting: RHB José Lozano 0-0: Foul Ball, location: 2F
0-1: Ball
1-1: Swinging Strike
1-2: Ground out 4-3 (Groundball, 4M)
Batting: LHB Joram Nelen 0-0: Ground out 4-3 (Groundball, 4)
Batting: SHB Chris Williamson 0-0: Called Strike
0-1: Ball
1-1: Ball
2-1: Called Strike
2-2: Strikes out swinging
Top of the 7th over - 0 run(s), 0 hit(s), 0 error(s), 0 left on base; Louisville 4 - Richardson City 1
BOTTOM OF THE 7TH
Richardson City Thundercats batting - Pitching for Louisville BC : RHP Leroy Picot
Batting: LHB Fernando Ramírez 0-0: Called Strike
0-1: Foul Ball, location: 2F
0-2: Ground out 6-3 (Groundball, 6)
Batting: LHB Terrence Eler 0-0: Ground out 3-1 (Groundball, 3)
Batting: SHB Leonard O'Connor 0-0: Ball
1-0: Ball
2-0: Called Strike
2-1: Fly out, F5 (Popup, 5F)
Bottom of the 7th over - 0 run(s), 0 hit(s), 0 error(s), 0 left on base; Louisville 4 - Richardson City 1
TOP OF THE 8TH
Louisville BC batting - Pitching for Richardson City Thundercats : RHP Juan Cruz
Batting: RHB Cliff May 0-0: Ball
1-0: Fly out, F6 (Popup, 6MD)
Batting: LHB Carroll Martin 0-0: Ball
1-0: Foul Ball, location: 2F
1-1: Swinging Strike
1-2: Ball
2-2: Foul Ball, location: 2F
2-2: Ground out U3 (Groundball, 3)
Batting: RHB José López 0-0: Foul Ball, location: 2F
0-1: Swinging Strike
0-2: Ground out 6-3 (Groundball, 6)
Top of the 8th over - 0 run(s), 0 hit(s), 0 error(s), 0 left on base; Louisville 4 - Richardson City 1
BOTTOM OF THE 8TH
Richardson City Thundercats batting - Pitching for Louisville BC : RHP Leroy Picot
Batting: RHB Nate Cates 0-0: Ball
1-0: Foul Ball, location: 2F
1-1: Swinging Strike
1-2: Ball
2-2: Ball
3-2: Foul Ball, location: 2F
3-2: Base on Balls
Batting: RHB Chriss Mann 0-0: Ball
1-0: Ball
2-0: Ball
3-0: Called Strike
3-1: Called Strike
3-2: Foul Ball, location: 2F
3-2: Base on Balls
Nate Cates to second
Pitching: LHP Ronaldo Rey
Batting: RHB Alden Wiley 0-0: Called Strike
0-1: Ball
1-1: Ball
2-1: Grounds into double play, 1-6-3 (Groundball, 23)
Nate Cates to third
Pitching: RHP Vincente Ortíz
Batting: RHB Andrew Weeks 0-0: SINGLE (Line Drive, 7LS)
Nate Cates scores
Batting: RHB Joey Jones 0-0: Ball
1-0: Ground out 5-3 (Groundball, 56S)
Bottom of the 8th over - 1 run(s), 1 hit(s), 0 error(s), 1 left on base; Louisville 4 - Richardson City 2
TOP OF THE 9TH
Louisville BC batting - Pitching for Richardson City Thundercats : RHP Juan Cruz
Batting: RHB Andrés Rodríguez 0-0: SINGLE (Groundball, 34S) (infield hit)
Batting: RHB Chi-ju Zhang 0-0: Ball
1-0: Called Strike
1-1: Ball
2-1: Grounds into double play, 4-6-3 (Groundball, 4)
Batting: LHB Tim Hargrove 0-0: Ball
1-0: Swinging Strike
1-1: Ground out 4-3 (Groundball, 4M)
Top of the 9th over - 0 run(s), 1 hit(s), 0 error(s), 0 left on base; Louisville 4 - Richardson City 2
BOTTOM OF THE 9TH
Richardson City Thundercats batting - Pitching for Louisville BC : RHP Vincente Ortíz
Pitching: RHP Austin Stewart
Batting: SHB Seishiro Nishimura 0-0: Ball
1-0: Ball
2-0: Foul Ball, location: 2F
2-1: Ball
3-1: Ground out 5-3 (Groundball, 56)
Batting: LHB Fernando Ramírez 0-0: Ball
1-0: Ball
2-0: Foul Ball, location: 2F
2-1: Swinging Strike
2-2: Ball
3-2: Base on Balls
Batting: LHB Terrence Eler 0-0: SINGLE (Groundball, 34D)
Fernando Ramírez to second
Batting: SHB Leonard O'Connor 0-0: Called Strike
0-1: Ball
1-1: Foul Ball, location: 2F
1-2: Foul Ball, location: 2F
1-2: Foul Ball, location: 2F
1-2: Foul Ball, location: 2F
1-2: Ball
2-2: SINGLE (Groundball, 34D)
Fernando Ramírez to third
Terrence Eler to second
Runner from 3rd tries for Home, SAFE, throw made home
Terrence Eler to third
Leonard O'Connor to second
Batting: RHB Nate Cates 0-0: Ball
1-0: Ball
2-0: Fly out, F7 (Line Drive, 7S)
Batting: RHB Chriss Mann 0-0: Ball
1-0: Ball
2-0: Swinging Strike
2-1: Ball
3-1: Foul Ball, location: 2F
3-2: Foul Ball, location: 2F
3-2: Foul Ball, location: 2F
3-2: Base on Balls
Batting: RHB Alden Wiley 0-0: Ball
1-0: Foul Ball, location: 2F
1-1: Foul Ball, location: 2F
1-2: Foul Ball, location: 2F
1-2: Foul Ball, location: 2F
1-2: Foul Ball, location: 2F
1-2: Foul Ball, location: 2F
1-2: Strikes out looking
Bottom of the 9th over - 1 run(s), 2 hit(s), 0 error(s), 3 left on base; Louisville 4 - Richardson City 3
This league is powered by Out of the Park Baseball, the baseball management simulation game for PC, Mac and Linux
Friday, July 8th, 2016 - OOTP Baseball 16.9 Build 39